 Dungeon Sprint DCSS version 0.22-a0-274-gf8199ec (webtiles) character file.

920 Kidiri the Covert (level 7, -3/40 HPs)
             Began as a Spriggan Enchanter on Mar 13, 2018.
             Killed from afar by an electric eel (7 damage)
             ... with a bolt of electricity
             ... in the Dungeon (Sprint II: "The Violet Keep of Menkaure").
             The game lasted 00:02:47 (691 turns).

Kidiri the Covert (Spriggan Enchanter)               Turns: 691, Time: 00:02:48

Health: -3/40      AC:  2    Str:  4    XL:     7   Next: 83%
Magic:  20/20      EV: 24    Int: 17    God:
Gold:   972        SH:  0    Dex: 18    Spells: 12/24 levels left

rFire    . . .     SeeInvis +   a - +1 dagger
rCold    . . .     Gourm    .   (shield restricted)
rNeg     . . .     Faith    .   b - +0 robe
rPois    .         Spirit   .   (helmet restricted)
rElec    .         Reflect  .   (no cloak)
rCorr    .         Harm     .   (gloves unavailable)
MR       +....     NoTele   +   (boots unavailable)
Stlth    +++.......             (no amulet)
HPRegen  0.13/turn              (no ring)
MPRegen  0.17/turn              (no ring)

@: slow
A: very small, unfitting armour, see invisible, herbivore, speed 3, slow
metabolism 2
a: no special abilities


You were in the Dungeon.
You were not hungry.

You visited 1 branch You collected 972 gold pieces.

Inventory:

Hand Weapons
 a - a +1 dagger (weapon)
Armour
 b - a +0 robe (worn)
Scrolls
 j - a scroll of blinking
Potions
 e - a potion of curing
 g - a potion of haste
 h - 2 potions of magic
Comestibles
 d - a ration


   Skills:
 * Level 6.0 Fighting
 * Level 8.1 Short Blades
 + Level 3.7 Armour
 + Level 8.0 Dodging
 * Level 12.0 Stealth
 * Level 9.2 Spellcasting
 + Level 7.2 Hexes


You had 12 spell levels left.
You knew the following spells:

 Your Spells              Type           Power        Failure   Level  Hunger
a - Corona                Hex            ####...      1%          1    None
b - Ensorcelled Hibernat  Hex/Ice        ###...       3%          2    None
c - Confuse               Hex            ####....     1%          3    None
d - Tukima's Dance        Hex            ####....     1%          3    None
e - Dazzling Spray        Conj/Hex       ###...       6%          3    None


Dungeon Overview and Level Annotations

Branches:
Dungeon (1/1)

Altars:

Shops:
D =}

Annotations:
D Kirke


Innate Abilities, Weirdness & Mutations

You are very small and have problems with some larger weapons.
You are too small for most types of armour.
You have supernaturally acute eyesight. (SInv)
You are a herbivore.
You cover ground extremely quickly.
You need to consume almost no food.


Message History

The bolt of electricity misses you. The bolt of electricity hits you!
Something unseen opens the door.
The electric eel shoots out a bolt of lightning at you!
The bolt of electricity hits you!
* * * LOW HITPOINT WARNING * * *
The electric eel shoots out a bolt of lightning at you!
The bolt of electricity hits you!
* * * LOW HITPOINT WARNING * * *
The electric eel shoots out a bolt of lightning at you!
The bolt of electricity hits the electric eel.
The electric eel completely resists.
The bolt of electricity hits the electric eel.
The electric eel completely resists.
The bolt of electricity misses you.
Found Jabri's Jewellery Boutique.
The electric eel shoots out a bolt of lightning at you!
The bolt of electricity misses you.
The electric eel shoots out a bolt of lightning at you!
The bolt of electricity hits the electric eel.
The electric eel completely resists.
The bolt of electricity hits you!
You die...

..#≈#..###.##.###
∩.' +##.+†<.+##.+
.∩#≈#.†###.##...#
##≈##.###+###.##
#≈≈####.#.####
≈≈≈#..#..#
#≈##.#.## ≈
#≈≈##+##≈≈≈≈
##@§§§≈≈≈≈≈≈≈
#'§§#+++#≈§§
#≈;;;;§§#
≈§;;§§§§§#
≈≈§§§§;;§≈≈+
##≈§;§§§§≈§##
##§§§§≈§≈##
####+####


You could see 9 electric eels.

Vanquished Creatures
  2 tyrant leeches (D)
  2 hippogriffs (D)
  A crocodile (D)
  4 worker ants (D)
  3 worms (D)
12 creatures vanquished.

Vanquished Creatures (others)
  Menkaure (D)
  A crocodile (D)
2 creatures vanquished.

Grand Total: 14 creatures vanquished

Notes
Turn   | Place    | Note
-------+----------+-------------------------------------------
     0 | D        | Kidiri the Spriggan Enchanter began the quest for the Orb.
     0 | D        | Reached XP level 1. HP: 9/9 MP: 5/5
     1 | D        | Noticed a hippogriff
     1 | D        | Noticed a hippogriff
     4 | D        | Noticed a worker ant
     4 | D        | Noticed a worker ant
    11 | D        | Noticed a worker ant
    11 | D        | Noticed a worker ant
    11 | D        | Killed a worker ant
    11 | D        | Reached skill level 1 in Fighting
    11 | D        | Reached skill level 5 in Stealth
    11 | D        | Reached XP level 2. HP: 10/14 MP: 5/7
    17 | D        | Reached skill level 1 in Armour
    17 | D        | Reached skill level 6 in Stealth
    17 | D        | Reached XP level 3. HP: 13/18 MP: 5/9
    21 | D        | Reached XP level 4. HP: 17/23 MP: 5/11
    25 | D        | Reached skill level 7 in Stealth
    25 | D        | Reached skill level 5 in Spellcasting
    38 | D        | Learned a level 2 spell: Ensorcelled Hibernation
    42 | D        | Learned a level 3 spell: Confuse
    42 | D        | Killed a crocodile
    46 | D        | Learned a level 3 spell: Tukima's Dance
    50 | D        | Learned a level 3 spell: Dazzling Spray
    52 | D        | Killed Menkaure
   231 | D        | Killed a hippogriff
   231 | D        | Reached skill level 5 in Short Blades
   231 | D        | Reached skill level 9 in Stealth
   231 | D        | Reached skill level 5 in Hexes
   231 | D        | Reached XP level 5. HP: 29/29 MP: 6/15
   231 | D        | Reached XP level 6. HP: 33/33 MP: 6/16
   233 | D        | Killed a hippogriff
   233 | D        | Reached skill level 10 in Stealth
   307 | D        | Noticed a tyrant leech
   307 | D        | Noticed a tyrant leech
   543 | D        | Killed a tyrant leech
   543 | D        | Reached skill level 5 in Fighting
   543 | D        | Reached skill level 11 in Stealth
   543 | D        | Reached XP level 7. HP: 28/39 MP: 5/20
   636 | D        | Killed a tyrant leech
   664 | D        | Noticed Kirke
   664 | D        | Noticed a yaktaur captain
   664 | D        | Noticed a skeletal warrior
   665 | D        | Noticed a kobold demonologist
   665 | D        | Reached skill level 12 in Stealth
   688 | D        | Found Gurhohorph's Gadget Shop.
   690 | D        | Found Jabri's Jewellery Boutique.
   691 | D        | Killed from afar by an electric eel

Vault maps used:
D:        the_violet_keep_of_menkaure

Skill      XL: |  1  2  3  4  5  6  7 |
---------------+----------------------+-----
Fighting       | 1 2 4 5 6 |  6.0
Short Blades   | 2 3 5 7 8 |  8.1
Stealth        | 5 6 9 11 12 | 12.0
Spellcasting   | 3 4 6 8 9 |  9.2
Hexes          | 4 5 6 7 |  7.2
Armour         | 1 2 3 |  3.7
Dodging        | 4 6 7 8 |  8.0

Action                   |  1- 3 |  4- 6 |  7- 9 || total
-------------------------+-------+-------+-------++-------
Melee: Dagger            |    15 |    18 |     2 ||    35
 Cast: Ensorcelled Hiber |       |    10 |     3 ||    13
       Confuse           |       |     4 |       ||     4
       Dazzling Spray    |       |     2 |       ||     2
  Use: Potion            |     1 |     1 |       ||     2
 Stab: Sleeping          |       |     5 |     2 ||     7
       Confused          |       |     2 |       ||     2
Armor: Robe              |       |     1 |       ||     1
Dodge: Dodged            |     8 |     9 |     3 ||    20

Table legend:
 A = Spawn XP
 B = Non-spawn XP
 C = Spawn XP percentage of total XP
 D = Spawn monster count
 E = Non-spawn monster count
 F = Spawn count percentage of total count
 G = Total turns spent on level
                    A         B        C        D         E        F      G
               +---------+---------+-------+---------+---------+-------+---------
         Total |       0 |    1315 |   0.0 |       0 |      12 |   0.0 |   691
               +---------+---------+-------+---------+---------+-------+---------
             D |       0 |    1315 |   0.0 |       0 |      12 |   0.0 |   691
               +---------+---------+-------+---------+---------+-------+---------
